 Dungeon Crawl Stone Soup version 0.26.0-10-g1f06aea511 (webtiles) character file.

Game seed: 4447436866674048135

110 Borgoz the Slasher (level 4, 0/37 HPs)
             Began as a Ghoul Gladiator on Jan 31, 2021.
             Killed from afar by Natasha (5 damage)
             ... with a magic dart
             ... while paralysed
             ... on level 2 of the Dungeon.
             The game lasted 00:01:53 (1114 turns).

Borgoz the Slasher (Ghoul Gladiator)                Turns: 1114, Time: 00:01:54

Health: 0/37       AC:  4    Str: 15 (17) XL:     4   Next: 91%
Magic:  3/3        EV:  2    Int:  0 (3)  God:
Gold:   135        SH:  0    Dex:  8 (11) Spells: 3/3 levels left

rFire    . . .     SeeInvis .   a - +0 long sword
rCold    + . .     Faith    .   (no shield)
rNeg     + + +     Spirit   .   b - +0 leather armour
rPois    ∞         Reflect  .   c - +0 helmet
rElec    .         Harm     .   (no cloak)
rCorr    .         Rampage  .   (no gloves)
Will     .....                  (no boots)
Stlth    +.........             (no amulet)
HPRegen  0.00/turn              m - +4 ring of slaying
MPRegen  0.08/turn              (no ring)

@: paralysed, slowed, lost intelligence
A: claws 1, cold resistance 1, negative energy resistance 3, inhibited
regeneration, torment resistance, unbreathing
a: no special abilities


You were on level 2 of the Dungeon.
You visited 1 branch of the dungeon, and saw 2 of its levels.

You collected 135 gold pieces.

Inventory:

Hand Weapons
 a - a +0 long sword (weapon)
Missiles
 d - 3 throwing nets (quivered)
Armour
 b - a +0 leather armour (worn)
 c - a +0 helmet (worn)
Jewellery
 m - a +4 ring of slaying (left claw)
Scrolls
 f - a scroll of remove curse {unknown}
 g - 2 scrolls of enchant armour {unknown}
 h - 2 scrolls of identify {unknown}
 k - a scroll of magic mapping {unknown}
 o - a scroll of amnesia {unknown}
Potions
 i - a potion of lignification {unknown}
 j - 2 potions of brilliance {unknown}
 l - 2 potions of degeneration
 n - a potion of heal wounds {unknown}


   Skills:
 + Level 2.9 Fighting
 * Level 3.6 Long Blades
 - Level 1.7 Throwing
 * Level 2.0 Armour
 + Level 3.2 Dodging


You had 3 spell levels left.
You didn't know any spells.
Your spell library was empty.

Dungeon Overview and Level Annotations

Branches:
Dungeon (2/15)

Altars:
Qazlal

Annotations:
D:2 Natasha


Innate Abilities, Weirdness & Mutations

You thrive by killing the living.
You are immune to poison.
You have sharp fingernails.
Your flesh is cold resistant. (rC+)
You are immune to negative energy. (rN+++)
You do not regenerate when monsters are visible.
You are immune to unholy pain and torment.
You can survive without breathing.


Message History

You riposte.
You slash Natasha!
Natasha is heavily wounded.
The iron imp hits you!
* * * LOW HITPOINT WARNING * * *
You feel better.
Natasha growls.
Natasha claws you.
The iron imp hits you but does no damage.
Natasha claws you.
* * * LOW HITPOINT WARNING * * *
It was a potion of degeneration.
There was something very wrong with that liquid.
You feel weakened.
You feel dopey.
You have lost your intelligence.
You feel clumsy. The iron imp hits you.
* * * LOW HITPOINT WARNING * * *
Natasha claws you but does no damage. Natasha casts a spell at you.
The magic dart hits you.
You die...

#..# #.# #....#
#..###.#####....#
#...)......'....#
####..##÷#####....#
#.....(...# ######
#.........#
#.........#
#.........#
#....@....#
#....h5...#
######'#'## .#.#
.#". .# ). .. .. #.


You could see an iron imp (summoned) and Natasha.

Vanquished Creatures
  Jessica (D:2)
  Natasha (twice) (D:2)
  A dart slug (D:1)
  A giant cockroach (D:2)
  6 goblins
  8 hobgoblins
  2 kobolds (D:1)
  A ball python (D:1)
  3 bats (D:1)
  4 frilled lizards
  4 rats
33 creatures vanquished.

Notes
Turn   | Place    | Note
-------+----------+-------------------------------------------
     0 | D:1      | Borgoz the Ghoul Gladiator began the quest for the Orb.
     0 | D:1      | Reached XP level 1. HP: 17/17 MP: 0/0
   104 | D:1      | Reached XP level 2. HP: 21/24 MP: 1/1
   386 | D:1      | Reached skill level 1 in Armour
   525 | D:2      | Reached XP level 3. HP: 30/30 MP: 2/2
   535 | D:2      | Noticed Natasha
   546 | D:2      | Killed Natasha
   647 | D:2      | Found a stormy altar of Qazlal.
   833 | D:2      | Reached XP level 4. HP: 37/37 MP: 3/3
   844 | D:2      | Noticed Natasha
   849 | D:2      | Killed Natasha
  1055 | D:2      | Noticed Jessica
  1060 | D:2      | Killed Jessica
  1102 | D:2      | Noticed Natasha
  1113 | D:2      | Lost intelligence.
  1114 | D:2      | Killed from afar by Natasha

Illustrated notes

Levels and vault maps discovered:
D:1:      sevenhm_arrival_forest_fort_small_3, layout_rooms
D:2:      layout_basic, lemuel_crystal_altar, okawaru_gym_becter,
          minmay_tetromino_s2, uniq_natasha, uniq_jessica

Skill      XL: |  1  2  3  4 |
---------------+-------------+-----
Long Blades    | 3 |  3.6
Armour         | 1 2 |  2.0
Dodging        | 3 |  3.2
Fighting       | |  2.9
Throwing       | |  1.7

Action                   |  1- 3 |  4- 6 || total
-------------------------+-------+-------++-------
Melee: Long sword        |    75 |    13 ||    88
  Use: Potion            |       |     3 ||     3
Armor: Leather armour    |    19 |     3 ||    22
Dodge: Dodged            |    51 |    10 ||    61
       Rpst.: Long sword |    22 |     4 ||    26
